 Dungeon Crawl Stone Soup version 0.27.1-2-g3b301248ec (webtiles) character file.

Game seed: 4822779322283251481

326 AZSletch the Conjurer (level 6, -2/51 HPs)
             Began as a Draconian Conjurer on Oct 2, 2021.
             Slain by an orc warrior (11 damage)
             ... on level 5 of the Dungeon.
             The game lasted 00:19:26 (4739 turns).

AZSletch the Conjurer (Draconian Conjurer)          Turns: 4739, Time: 00:19:27

Health: -2/51      AC:  6    Str: 12    XL:     6   Next: 24%
Magic:  2/10       EV: 12    Int: 18    God:
Gold:   125        SH:  0    Dex:  9    Spells: 5/11 levels left

rFire    . . .     SeeInvis .   n - +3 short sword "Qipacruk" {vorpal, rPois}
rCold    . . .     Faith    .   (no shield)
rNeg     . . .     Spirit   .   (armour unavailable)
rPois    +         Reflect  .   (helmet restricted)
rElec    .         Harm     .   (no cloak)
rCorr    .         Rampage  .   (no gloves)
Will     .....                  (no boots)
Stlth    ++........             (no amulet)
HPRegen  0.17/turn              (no ring)
MPRegen  0.12/turn              (no ring)

@: no status effects
A: AC +6, unfitting armour, cold-blooded
a: no special abilities


You were on level 5 of the Dungeon.
You visited 1 branch of the dungeon, and saw 5 of its levels.

You collected 125 gold pieces.

Inventory:

Hand Weapons
 m - a +6 flail
 n - the +3 short sword "Qipacruk" (weapon) {vorpal, rPois}
   (You found it on level 4 of the Dungeon)

   It inflicts extra damage upon your enemies.
   rPois:     It protects you from poison.
Wands
 o - a wand of charming (11)
Scrolls
 a - 2 scrolls of teleportation {unknown}
 d - a scroll of enchant weapon {unknown}
 e - 4 scrolls of identify {unknown}
 i - 2 scrolls of noise {unknown}
 j - a scroll of fog {unknown}
 k - 2 scrolls of immolation {unknown}
 l - a scroll of vulnerability {unknown}
 p - a scroll of amnesia {unknown}
Potions
 b - a potion of might {unknown}
 c - 2 potions of curing {unknown}
 f - a potion of brilliance {unknown}
 g - a potion of lignification {unknown}
 h - a potion of degeneration {unknown}


   Skills:
 + Level 3.0 Fighting
 + Level 3.2 Dodging
 - Level 1.7 Stealth
 + Level 3.3 Spellcasting
 + Level 5.0 Conjurations
 + Level 1.5 Hexes


You had 5 spell levels left.
You knew the following spells:

 Your Spells              Type           Power      Damage    Failure   Level
a - Magic Dart            Conj           84%        1d7       1%          1
b - Searing Ray           Conj           42%        3d4       3%          2
c - Dazzling Flash        Conj/Hex       28%        N/A       12%         3

Your spell library contained the following spells:

 Spells                   Type           Power      Damage    Failure   Level
 Mephitic Cloud           Conj/Pois/Air  8%         N/A       24%         3
 Fulminant Prism          Conj/Hex       7%         3d7       38%         4
 Ignite Poison            Fire/Tmut/Pois 2%         N/A       43%         3
 Iskenderun's Mystic Bla  Conj/Tloc      12%        2d5       50%         4
 Bolt of Magma            Conj/Fire/Erth 4%         4d5       92%         5


Dungeon Overview and Level Annotations

Branches:
Dungeon (5/15)
 Temple: D:4-7

Altars:
Fedhas
Wu Jian

Annotations:
D:2 Sigmund


Innate Abilities, Weirdness & Mutations

Your plain brown scales are hard. (AC +6)
You cannot fit into any form of body armour.
You are cold-blooded and may be slowed by cold attacks.


Message History

The searing ray hits the orc.
You kill the orc!
The searing ray hits the orc warrior.
The orc warrior is heavily wounded.
The searing ray hits the orc warrior but does no damage.
The orc warrior is heavily wounded.
Found a book of the Warp.
You see here a +0 dagger.
Found 16 stones.
You see here a +0 war axe.
Things that are here:
a +0 dagger; a +0 scale mail You see here a +0 dagger.
You see here a +0 war axe.
Things that are here:
a +0 dagger; a +0 scale mail You see here a +0 dagger.
The orc warrior hits you from afar with a +0 trident!
* * * LOW HITPOINT WARNING * * *
You see here a +0 war axe.
Things that are here:
a +0 dagger; a +0 scale mail
Casting: Searing Ray (safe; 3% risk of failure)
Confirm with . or Enter, or press ? or * to list all spells.
Aiming: Searing Ray (safe; 3% risk of failure)
Press: ? - help, Shift-Dir - straight line, f - orc, p - orc warrior
Aim: an orc, wielding a +0 club and wearing a +0 leather armour (78% to hit)
The searing ray hits the orc warrior.
The orc warrior is heavily wounded.
The searing ray misses the orc. (Press . to maintain the ray.)
The searing ray hits the orc warrior.
The orc warrior is heavily wounded.
The searing ray misses the orc.
The orc warrior closely misses you.
The searing ray hits the orc warrior but does no damage.
The orc warrior is heavily wounded.
The searing ray hits the orc!
You kill the orc!
The orc warrior hits you from afar with a +0 trident!
You die...

## .# .# ##.#
.:. #.#
############.##
#.....#....)..#
.#.....#@####..#
.......#)####..#
.....#o##....#
...#)##.##.#
##.#.##o##.#
##.....)....#
#..<..##.####
...........#(#
#............#


You could see an orc warrior.

Vanquished Creatures
  An ogre (D:4)
  A jelly (D:4)
  An orc priest (D:3)
  6 adders
  2 worms
  12 orcs
  6 bats
  12 endoplasms
  6 giant cockroaches
  6 goblins
  10 hobgoblins
  3 jackals (D:3)
  3 quokkas
  10 ball pythons
  5 frilled lizards
  5 kobolds
  10 rats (D:1)
99 creatures vanquished.

Notes
Turn   | Place    | Note
-------+----------+-------------------------------------------
     0 | D:1      | AZSletch the Draconian Conjurer began the quest for the
                  | Orb.
     0 | D:1      | Reached XP level 1. HP: 14/14 MP: 3/3
   350 | D:1      | Reached XP level 2. HP: 22/22 MP: 0/5
   406 | D:1      | Learned a level 2 spell: Searing Ray
   585 | D:1      | Reached skill level 1 in Fighting
   867 | D:1      | Reached XP level 3. HP: 28/28 MP: 4/6
  2164 | D:2      | Reached XP level 4. HP: 36/36 MP: 4/7
  2246 | D:2      | Learned a level 3 spell: Dazzling Flash
  2477 | D:2      | Found a faded altar of an unknown god.
  2480 | D:2      | Noticed a shining eye
  2480 | D:2      | Noticed a floating eye
  2481 | D:2      | Noticed a shining eye
  2481 | D:2      | Noticed a shining eye
  2605 | D:2      | Noticed Sigmund
  3221 | D:3      | Reached XP level 5. HP: 41/41 MP: 3/9
  3756 | D:3      | Reached skill level 1 in Hexes
  4228 | D:4      | Found an ornate altar of the Wu Jian Council.
  4316 | D:4      | Noticed an ogre
  4328 | D:4      | Killed an ogre
  4329 | D:4      | Reached skill level 5 in Conjurations
  4329 | D:4      | Reached XP level 6. HP: 51/51 MP: 2/10
  4451 | D:4      | Identified the +3 short sword "Qipacruk" {vorpal, rPois}
  4508 | D:4      | Found a blossoming altar of Fedhas.
  4679 | D:5      | Entered Level 5 of the Dungeon
  4679 | D:5      | Noticed an orc warrior
  4739 | D:5      | Slain by an orc warrior

Illustrated notes

Levels and vault maps discovered:
D:1:      onia_arrival_mini_maze, layout_loops_ring, minmay_heptomino_o4
D:2:      minmay_door_path, layout_basic,
          hellmonk_ecumenical_altar_watching_god, uniq_sigmund
D:3:      layout_basic
D:4:      layout_gridville, fedhas_altar_1, mainiacjoe_overflow_paths,
          mainiacjoe_overflow_24_doors
D:5:      layout_loops_cross, chequers_temple_overflow_statue_of_worship,
          mainiacjoe_overflow_divided_tiny

Skill      XL: |  1  2  3  4  5 |
---------------+----------------+-----
Dodging        | 2 3 |  3.2
Fighting       | 1 2 3 |  3.0
Spellcasting   | 3 |  3.3
Hexes          | 1 |  1.5
Conjurations   | 5 |  5.0
Stealth        | |  1.7

Action                   |  1- 3 |  4- 6 || total
-------------------------+-------+-------++-------
Melee: Unarmed           |     5 |       ||     5
       Dagger            |    23 |    10 ||    33
       Tailslap          |     1 |     3 ||     4
       Flail             |       |    11 ||    11
       Short sword       |       |     3 ||     3
 Cast: Magic Dart        |    74 |    98 ||   172
       Searing Ray       |     4 |    10 ||    14
Armor: Skin              |     8 |    12 ||    20
Dodge: Dodged            |    23 |    23 ||    46
